 Dungeon Crawl Stone Soup version 0.29.1-1-gd02db6906a (webtiles) character file.

Game seed: 17083826068228183570

9216 Icepheonix32 the Summoner (level 11, -4/78 HPs)
             Began as a Merfolk Summoner on Oct 6, 2022.
             Was a Priest of Yredelemnul.
             Slain by a boulder beetle (52 damage)
             ... on level 11 of the Dungeon.
             The game lasted 00:31:20 (12738 turns).

Icepheonix32 the Summoner (Merfolk Summoner)       Turns: 12738, Time: 00:31:21

Health: -4/78      AC: 11    Str: 11    XL:     11   Next: 43%
Magic:  21/26      EV: 14    Int: 21    God:    Yredelemnul [***...]
Gold:   237        SH:  0    Dex: 16    Spells: 6/19 levels left

rFire   . . .      SeeInvis .   u - +7 dagger of the Shifting Blowfly {spect, rElec}
rCold   + + .      Faith    +   (no shield)
rNeg    . . .      Spirit   .   w - +2 leather armour {rC+}
rPois   +          Reflect  .   h - +1 helmet
rElec   +          Harm     .   (no cloak)
rCorr   +          Rampage  .   V - +0 pair of gloves
Will    .....                   q - +1 pair of boots
Stlth   ++++......              E - amulet of faith
HPRegen 0.23/turn               s - ring "Xaampyutz" {Ice Str+4 Stlth+}
MPRegen 0.20/turn               n - ring of the Unkillable {rPois rF+ rCorr MP+9 Slay+4}

@: unable to read
A: (nimble swimmer 2), mertail, clever 1, inability to read after injury 1
a: Renounce Religion, Recall Undead Harvest, Dark Bargain


You were on level 11 of the Dungeon.
You worshipped Yredelemnul.
Yredelemnul was noncommittal.
You visited 2 branches of the dungeon, and saw 12 of its levels.

You collected 584 gold pieces.
You spent 347 gold pieces at shops.

Inventory:

Hand Weapons
 o - a +2 flail of protection
 u - the +7 dagger of the Shifting Blowfly (weapon) {spect, rElec}
   (You found it on level 3 of the Dungeon)

   When its wielder attacks, the weapon's spirit leaps out and strikes again.
   The spirit shares a part of any damage it takes with its wielder.
   rElec:     It insulates you from electricity.
 A - a +1 trident of protection
 H - a +0 trident of flaming
Missiles
 B - 9 boomerangs
 K - 2 throwing nets
Armour
 a - a +1 hat
 h - a +1 helmet (worn)
 q - a +1 pair of boots (worn)
 w - a +2 leather armour of cold resistance (worn)
 U - the +0 leather armour "Ryclid" {-Tele rC+ Dex+4 SInv}
   (You found it on level 10 of the Dungeon)

   Dex:       It affects your dexterity (+4).
   rC:        It protects you from cold.
   SInv:      It lets you see invisible.
   -Tele:     It prevents most forms of teleportation.
 V - a +0 pair of gloves (worn)
Jewellery
 j - a ring of protection from cold
 m - a ring of wizardry
 n - the ring of the Unkillable (right hand) {rPois rF+ rCorr MP+9 Slay+4}
   (You found it on level 8 of the Dungeon)

   [ring of slaying]

   Slay:      It affects your accuracy & damage with ranged weapons and melee
   (+4).
   rF:        It protects you from fire.
   rPois:     It protects you from poison.
   MP:        It affects your magic capacity (+9).
   rCorr:     It protects you from acid and corrosion.
 s - the ring "Xaampyutz" (left hand) {Ice Str+4 Stlth+}
   (You found it on level 8 of the Dungeon)

   [ring of ice]

   It enhances your ice magic.
   Str:       It affects your strength (+4).
   rF:        It makes you vulnerable to fire.
   rC:        It protects you from cold.
   Stlth:     It makes you more stealthy.
 E - an amulet of faith (around neck)
 N - an amulet of magic regeneration
 P - a ring of positive energy
Wands
 k - a wand of polymorph (13)
 F - a wand of flame (22)
 O - a wand of iceblast (27)
 W - a wand of digging (4)
Scrolls
 d - a scroll of immolation
 l - 2 scrolls of teleportation
 r - a scroll of poison
 y - a scroll of brand weapon {unknown}
 D - a scroll of torment
 G - 2 scrolls of magic mapping
 I - a scroll of enchant armour
 J - a scroll of fear
 M - a scroll of summoning
 Q - 2 scrolls of blinking
 S - a scroll of amnesia {unknown}
Potions
 b - 2 potions of magic
 c - a potion of degeneration
 e - a potion of flight
 f - 2 potions of cancellation
 g - 10 potions of curing
 i - a potion of mutation
 p - 2 potions of lignification
 t - 3 potions of attraction
 v - 3 potions of heal wounds
 x - 3 potions of haste
 z - 2 potions of might
 C - 4 potions of brilliance {unknown}
 L - a potion of resistance
 T - a potion of ambrosia
Miscellaneous
 R - a phial of floods


   Skills:
 + Level 4.6 Fighting
 + Level 5.7 Short Blades
 + Level 1.2 Polearms
 + Level 4.5 Armour
 + Level 5.2 Dodging
 - Level 5.3 Stealth
 + Level 4.5 Spellcasting
 + Level 1.1 Hexes
 * Level 12.8 Summonings
 * Level 5.3 Invocations


You had 6 spell levels left.
You knew the following spells:

 Your Spells              Type           Power      Damage    Failure   Level
a - Summon Small Mammal   Summ           100%       N/A       1%          1
b - Call Imp              Summ           55%        N/A       1%          2
c - Call Canine Familiar  Summ           55%        N/A       1%          3
d - Summon Guardian Gole  Hex/Summ       34%        N/A       2%          3
e - Summon Lightning Spi  Summ/Air       31%        N/A       11%         4

Your spell library contained the following spells:

 Spells                   Type           Power      Damage    Failure   Level
 Beastly Appendage        Tmut           8%         N/A       14%         1
 Shock                    Conj/Air       16%        1d4       14%         1
 Ensorcelled Hibernation  Hex/Ice        20%        N/A       17%         2
 Conjure Flame            Conj/Fire      4%         6-21      41%         3
 Ignite Poison            Fire/Tmut/Pois 4%         N/A       41%         3
 Spider Form              Tmut/Pois      4%         N/A       41%         3
 Swiftness                Air            4%         N/A       41%         3
 Anguish                  Hex/Necr       3%         N/A       75%         4
 Airstrike                Air            2%         2d(1-17)  82%         4
 Sticky Flame             Conj/Fire      4%         2d3       82%         4
 Alistair's Intoxication  Tmut/Pois      2%         N/A       99%         5
 Blade Hands              Tmut           2%         N/A       99%         5
 Irradiate                Conj/Tmut      2%         3d12      99%         5
 Dragon Form              Tmut           2%         N/A       100%        7
 Haunt                    Necr/Summ      15%        N/A       100%        7
 Dragon's Call            Summ           27%        N/A       100%        9


Dungeon Overview and Level Annotations

Branches:
Dungeon (11/15)            Temple (1/1) D:7            Lair (0/5) D:8
    Orc (0/2) D:9

Altars:
Ashenzari
Cheibriados
Dithmenos
Elyvilon
Fedhas
Gozag
Hepliaklqana
Kikubaaqudgha
Makhleb
Nemelex Xobeh
Okawaru
Qazlal
Ru
Sif Muna
Trog
Uskayaw
Vehumet
Wu Jian
Xom
Yredelemnul
Zin
The Shining One

Shops:
D:2 [   D:4 !   D:9 *   D:10 **

Annotations:
D:4 2 transporters, Arctor's ghost, amateur DrTm


Innate Abilities, Weirdness & Mutations

((You are very nimble when in or above water. (Stealth+, EV+, Speed+++)))
Your lower body shifts to a powerful aquatic tail in water.
Your mind is acute. (Int +4, Str/Dex -1)
You occasionally lose the ability to read scrolls when taking damage.


Message History

Your wolf bites the boulder beetle but does no damage.
Your bound yak gores the boulder beetle.
The boulder beetle attacks as you move away!
The boulder beetle misses you.
Your vampire mosquito zombie bites the hornet.
Your wolf bites the boulder beetle.
The hornet barely misses your vampire mosquito zombie.
Your vampire mosquito zombie bites the hornet.
Unknown command.
You hit the boulder beetle but do no damage.
The boulder beetle is moderately wounded.
Your +7 dagger of the Shifting Blowfly {spect, rElec} hits the boulder beetle.
The hornet misses your vampire mosquito zombie.
Your vampire mosquito zombie bites the hornet.
The boulder beetle completely misses you.
Unknown command.
The hornet stings your vampire mosquito zombie.
Your vampire mosquito zombie bites the hornet.
Your bound yak completely misses the boulder beetle.
Your wolf bites the boulder beetle but does no damage.
Your kobold demonologist zombie hits the boulder beetle but does no damage.
The boulder beetle curls into a ball and begins rolling!
Your vampire mosquito zombie closely misses the hornet.
Your wolf bites the boulder beetle but does no damage.
Your vampire mosquito zombie closely misses the hornet.
Your wolf bites the boulder beetle but does no damage.
Your vampire mosquito zombie bites the hornet.
Your bound yak gores the boulder beetle but does no damage.
Your lightning spire shoots out a bolt of lightning at the boulder beetle!
The bolt of electricity hits the boulder beetle but does no damage.
The hornet completely misses your lightning spire.
You hit the boulder beetle but do no damage.
The boulder beetle is moderately wounded.
Your +7 dagger of the Shifting Blowfly {spect, rElec} hits the boulder beetle.
Your vampire mosquito zombie bites the hornet but does no damage.
The boulder beetle hits you!!!
You feel threatened and lose the ability to read scrolls!
Ouch! That really hurt!
You die...
Your body rises from the dead as a mindless zombie.

#... #... #... #...
#... #...###+#######
#... #.............#
#<..
#.............####...
#^.....8yZ..# .......
#...(.......#.....#..
#...@B°ZhZ........#..
#...#####Z#######....
#.#.#...........#....
#...#Z##..##.##.+.#..
#...'.##..# ####....
#...#.##..# #.......
#...####..##+#.#..#..
#......#..+.......#..
#...Z#.####.#.....#..


You could see a boulder beetle (rolling, ally target), a hornet (distracted,
ally target), a friendly bound yak, a friendly +7 dagger of the Shifting Blowfly
{spect, rElec} (summoned), a friendly wolf (summoned), a friendly lightning
spire (summoned), a friendly vampire mosquito zombie, a friendly boulder beetle
zombie and a friendly kobold demonologist zombie.

Vanquished Creatures
  A cyclops (D:11)
  2 trolls
  A hornet (D:8)
  A wyvern (D:9)
  2 shadows
  7 yaks (D:10)
  A steam dragon (D:8)
  5 vampire mosquitoes
  An acid dragon (D:10)
  A water moccasin (D:5)
  A sky beast (D:6)
  2 ogres
  4 centaurs
  2 wolves (D:8)
  4 kobold brigands
  3 bullfrogs
  A scorpion (D:4)
  5 wights
  A killer bee (D:9)
  A troll zombie (D:9)
  4 howler monkeys
  5 electric eels (D:8)
  7 hounds
  4 orc priests
  A gnoll bouda (D:5)
  Ijyb (D:5)
  An iguana (D:4)
  2 orc wizards (D:7)
  10 gnolls
  5 adders
  A shadow imp (D:6)
  2 white imps (D:6)
  An ufetubus (D:4)
  4 worms
  2 dart slugs
  22 orcs
  5 bats
  5 endoplasms
  6 giant cockroaches
  12 kobolds
  4 quokkas
  3 ball pythons
  3 frilled lizards
  5 goblins
  2 goblin skeletons (D:9)
  A goblin zombie (D:9)
  A hobgoblin skeleton (D:9)
  2 hobgoblin zombies (D:9)
  7 orc zombies (D:9)
  4 rats
178 creatures vanquished.

Vanquished Creatures (collateral kills)
  A boulder beetle (D:11)
  A kobold demonologist (D:11)
  A shadow (D:9)
  2 yaks (D:10)
  A steam dragon (D:9)
  2 vampire mosquitoes (D:11)
  A water moccasin (D:7)
  2 ogres
  A wolf (D:8)
  A centaur (D:9)
  A phantom (D:9)
  A scorpion (D:4)
  5 killer bees (D:9)
  A howler monkey (D:10)
  A jelly (D:4)
  2 orc priests
  2 hounds (D:8)
  4 gnoll boudas
  An iguana (D:7)
  3 orc wizards
  5 ogre zombies (D:9)
  12 gnolls
  An ufetubus (D:5)
  10 orcs
  4 ball pythons
  2 bats (D:1)
  An endoplasm (D:1)
  2 giant cockroaches
  A goblin (D:3)
  A hobgoblin (D:1)
  2 jackals (D:1)
  7 kobolds
  A quokka (D:3)
  A hobgoblin skeleton (D:9)
  5 orc zombies
  A rat (D:1)
90 creatures vanquished.

Vanquished Creatures (others)
  A vampire mosquito zombie (D:11)
  A gnoll sergeant (D:8)
  A troll zombie (D:9)
  2 wolf zombies (D:8)
  2 centaur zombies (D:9)
  3 killer bee zombies (D:9)
  A hound zombie (D:8)
  3 spectral electric eels (D:8)
  A steam dragon zombie (D:8)
  A gnoll (D:8)
  3 howler monkey zombies (D:9)
  4 gnoll zombies (D:8)
  6 kobold zombies (D:9)
  3 orc zombies
32 creatures vanquished.

Grand Total: 300 creatures vanquished

Notes
Turn   | Place    | Note
-------+----------+-------------------------------------------
     0 | D:1      | Icepheonix32 the Merfolk Summoner began the quest for the
                  | Orb.
     0 | D:1      | Reached XP level 1. HP: 13/13 MP: 3/3
   588 | D:1      | Reached XP level 2. HP: 16/19 MP: 3/5
   591 | D:1      | Learned a level 2 spell: Call Imp
  1433 | D:1      | Reached XP level 3. HP: 13/24 MP: 4/6
  1607 | D:1      | Reached skill level 5 in Summonings
  2263 | D:2      | Found Poimer's Armour Shoppe.
  2344 | D:2      | Found a sparkling altar of Nemelex Xobeh.
  2868 | D:2      | Learned a level 3 spell: Call Canine Familiar
  3170 | D:3      | Reached XP level 4. HP: 30/30 MP: 4/7
  3348 | D:3      | Identified the +7 dagger of the Shifting Blowfly {spect,
                  | rElec}
  3428 | D:3      | Found a faded altar of an unknown god.
  3940 | D:4      | Noticed a scorpion
  3945 | D:4      | Killed a scorpion
  3946 | D:4      | Reached skill level 6 in Summonings
  3946 | D:4      | Reached XP level 5. HP: 35/35 MP: 2/8
  4013 | D:4      | Noticed an ogre
  4016 | D:4      | Reached skill level 7 in Summonings
  4016 | D:4      | Reached XP level 6. HP: 37/41 MP: 4/9
  4018 | D:4      | Found a transporter.
  4019 | D:4      | Noticed Arctor's ghost (amateur DrTm)
  4200 | D:5      | Entered Level 5 of the Dungeon
  4205 | D:5      | Reached skill level 1 in Armour
  4479 | D:5      | You fall into a shaft and drop 3 floors!
  4496 | D:8      | Gained mutation: You occasionally lose the ability to read
                  | scrolls when taking damage. [potion of mutation]
  4496 | D:8      | Gained mutation: Your mind is acute. (Int +4, Str/Dex -1)
                  | [potion of mutation]
  4577 | D:8      | Identified the ring of the Unkillable {rPois rF+ rCorr MP+9
                  | Slay+4}
  4585 | D:8      | Identified the ring "Xaampyutz" {Ice Str+4 Stlth+}
  4646 | D:8      | Learned a level 3 spell: Summon Guardian Golem
  4659 | D:7      | Reached XP level 7. HP: 40/46 MP: 4/10
  4663 | D:7      | Reached skill level 8 in Summonings
  5215 | D:6      | Reached skill level 9 in Summonings
  5215 | D:6      | Reached XP level 8. HP: 52/52 MP: 11/11
  5331 | D:4      | Found a transporter.
  5616 | D:4      | Found Exihimof's Distillery.
  5624 | D:4      | Bought a potion of heal wounds for 70 gold pieces
  6093 | D:5      | Reached skill level 10 in Summonings
  6302 | D:5      | Noticed Ijyb
  6312 | D:5      | Killed Ijyb
  6505 | D:6      | Found an ancient bone altar of Kikubaaqudgha.
  7101 | D:6      | Found an ornate altar of the Wu Jian Council.
  7144 | D:7      | Found a shadowy altar of Dithmenos.
  7144 | D:7      | Found a hide-covered altar of Uskayaw.
  7147 | D:7      | Found a stormy altar of Qazlal.
  7159 | D:6      | Reached XP level 9. HP: 27/57 MP: 12/12
  7326 | D:7      | Found a glowing golden altar of the Shining One.
  7327 | D:7      | Found a sacrificial altar of Ru.
  7328 | D:7      | Found a bloodstained altar of Trog.
  7329 | D:7      | Found a shimmering blue altar of Sif Muna.
  7330 | D:7      | Found a shimmering altar of Xom.
  7330 | D:7      | Found a sparkling altar of Nemelex Xobeh.
  7331 | D:7      | Found an opulent altar of Gozag.
  7616 | D:7      | Reached skill level 1 in Short Blades
  7768 | D:7      | Reached skill level 11 in Summonings
  7769 | D:7      | Found a staircase to the Ecumenical Temple.
  7787 | Temple   | Entered the Ecumenical Temple
  7839 | Temple   | Became a worshipper of Yredelemnul the Dark
  8094 | D:8      | Found a staircase to the Lair.
  8095 | D:8      | Noticed a troll
  8101 | D:8      | Reached * piety under Yredelemnul
  8110 | D:8      | Reached ** piety under Yredelemnul
  8116 | D:8      | Reached skill level 1 in Fighting
  8118 | D:8      | Reached *** piety under Yredelemnul
  8145 | D:8      | Killed a troll
  8528 | D:8      | Reached skill level 1 in Hexes
  8733 | D:8      | Noticed a hornet
  8740 | D:8      | Killed a hornet
  8741 | D:8      | Reached skill level 1 in Invocations
  8741 | D:8      | Reached XP level 10. HP: 54/67 MP: 14/14
  8825 | D:8      | Found a snail-covered altar of Cheibriados.
  9031 | D:9      | Reached skill level 1 in Polearms
  9261 | D:9      | Reached skill level 12 in Summonings
  9270 | D:9      | Found Untax's CLEARANCE SALE!.
  9281 | D:9      | Bought a scroll of teleportation for 15 gold pieces
  9281 | D:9      | Bought a phial of floods for 200 gold pieces
  9281 | D:9      | Bought a scroll of identify for 10 gold pieces
  9664 | D:9      | Found a staircase to the Orcish Mines.
 10523 | D:9      | Learned a level 4 spell: Summon Lightning Spire
 10563 | D:10     | Entered Level 10 of the Dungeon
 10607 | D:10     | Identified the +0 leather armour "Ryclid" {-Tele rC+ Dex+4
                  | SInv}
 10632 | D:10     | Reached skill level 5 in Stealth
 10695 | D:10     | Reached skill level 5 in Short Blades
 10695 | D:10     | Reached XP level 11. HP: 53/76 MP: 17/17
 10939 | D:10     | Reached **** piety under Yredelemnul
 11078 | D:10     | Reached ***** piety under Yredelemnul
 11459 | D:10     | Found Moetev's Specific Store.
 11464 | D:10     | Found Gibba's General Store.
 11475 | D:10     | Bought 2 scrolls of identify for 52 gold pieces
 11477 | D:10     | Identified a scroll of acquirement
 11478 | D:10     | Acquired the Compendium of Assembling and Transmutation
 11579 | D:10     | Identified the +5 morningstar of the Eternal Warrior
                  | {speed, rF+}
 11826 | D:11     | Reached skill level 5 in Dodging
 11828 | D:11     | Reached skill level 5 in Invocations
 12197 | D:11     | Noticed a boulder beetle
 12211 | D:11     | Killed a boulder beetle
 12654 | D:11     | Noticed a cyclops
 12663 | D:11     | Killed a cyclops
 12723 | D:11     | Noticed a boulder beetle
 12738 | D:11     | Slain by a boulder beetle

Illustrated notes

Levels and vault maps discovered:
D:1:      dpeg_arrival_arbitrary_b, layout_basic
D:2:      kennysheep_big_flooded_room, layout_basic, basic_altar, serial_shops,
          shop_statue
D:3:      layout_loops_cross, shapermc_ecumenical_altar_notcrosses
D:4:      layout_cave_pools, gammafunk_ghost_smash, serial_shops,
          nicolae_shop_behind_doors
D:5:      layout_loops_ring, uniq_ijyb
D:6:      layout_gridville, lemuel_crystal_altar,
          pdpol_wu_jian_five_deadly_venoms
D:7:      layout_rooms, nicolae_overflows_in_rows, temple_statues,
          minmay_misc_feat_secret_circle
D:8:      layout_gridville, cheibrodos_worm_habitat, erik_lair_island
D:9:      layout_gridville, zombieorc1_lemuel, kennysheep_decorative_pillar,
          nicolae_shop_clearance
D:10:     minmay_general_purpose_star, layout_loops_ring, chequers_mini_garden,
          minmay_misc_feat_diagonals, nicolae_specific_store,
          grunt_ministairs_10, st_stairs_3
D:11:     layout_stronghold
Temple:   hellmonk_temple_rainy

Skill      XL: |  1  2  3  4  5  6  7  8  9 10 11 |
---------------+----------------------------------+-----
Summonings     | 5 6 7 9 10 11 12 | 12.8
Armour         | 1 2 3 4 |  4.5
Dodging        | 3 4 5 |  5.2
Short Blades   | 3 5 |  5.7
Fighting       | 1 3 4 |  4.6
Stealth        | 3 5 |  5.3
Spellcasting   | 3 4 |  4.5
Hexes          | 1 |  1.1
Invocations    | 1 4 5 |  5.3
Polearms       | 1 |  1.2

Action                   |  1- 3 |  4- 6 |  7- 9 | 10-12 || total
-------------------------+-------+-------+-------+-------++-------
Melee: Unarmed           |    12 |       |       |       ||    12
       Short sword       |    97 |       |       |       ||    97
       Flail             |    16 |     5 |       |       ||    21
       Quarterstaff      |    14 |       |       |       ||    14
       Punch             |     1 |     1 |     4 |     2 ||     8
       Dagger            |       |    53 |   167 |   185 ||   405
       Trident           |       |       |     7 |     4 ||    11
       Tailslap          |       |       |     4 |       ||     4
 Cast: Summon Small Mamm |     7 |     2 |     5 |     1 ||    15
       Call Imp          |    21 |    11 |     6 |     2 ||    40
       Call Canine Famil |       |     7 |    14 |    13 ||    34
       Summon Guardian G |       |     1 |     7 |     3 ||    11
       Summon Lightning  |       |       |       |     2 ||     2
Invok: Recall Undead Har |       |       |     1 |    16 ||    17
       Dark Bargain      |       |       |     1 |       ||     1
       Stop Recall       |       |       |       |     2 ||     2
       Bind Soul         |       |       |       |     1 ||     1
Evoke: Wand              |       |       |       |     1 ||     1
  Use: Scroll            |       |     8 |     8 |     6 ||    22
       Potion            |       |     7 |     1 |     2 ||    10
 Stab: Sleeping          |     6 |     2 |     5 |     6 ||    19
       Distracted        |       |       |     1 |     3 ||     4
       Invisible         |       |       |       |     1 ||     1
Armor: Robe              |    37 |     2 |       |       ||    39
       Leather armour    |       |    18 |    39 |    55 ||   112
Dodge: Dodged            |   106 |    39 |   113 |   111 ||   369
